 Dungeon Crawl Stone Soup version 0.26-a0-665-gefeb406119 (webtiles) character file.

Game seed: 6347298838378970769

1 jasper the Conjurer (level 1, 0/13 HPs)
             Began as a Mummy Conjurer on Oct 16, 2020.
             Slain by a leopard gecko (2 damage)
             ... on level 1 of the Dungeon.
             The game lasted 00:00:34 (46 turns).

jasper the Conjurer (Mummy Conjurer)                  Turns: 46, Time: 00:00:34

Health: 0/13       AC:  2    Str: 10    XL:     1   Next: 16%
Magic:  2/4        EV: 12    Int: 17    God:
Gold:   0          SH:  0    Dex: 10    Spells: 4/5 levels left

rFire    x . .     SeeInvis .   (no weapon)
rCold    + . .     Faith    .   (no shield)
rNeg     + + +     Spirit   .   a - +0 robe
rPois    ∞         Reflect  .   (no helmet)
rElec    .         Harm     .   (no cloak)
rCorr    .         Rampage  .   (no gloves)
MR       .....                  (no boots)
Stlth    ++........             (no amulet)
HPRegen  0.04/turn              (no ring)
MPRegen  0.09/turn              (no ring)

@: no status effects
A: no potions, fire vulnerability, cold resistance 1, negative energy resistance
3, torment resistance, unbreathing
a: no special abilities


You were on level 1 of the Dungeon.
You visited 1 branch of the dungeon, and saw 1 of its levels.

Inventory:

Armour
 a - a +0 robe (worn)


   Skills:
 - Level 1.5 Dodging
 - Level 1.5 Stealth
 + Level 2.7 Spellcasting
 + Level 3.3 Conjurations


You had 4 spell levels left.
You knew the following spells:

 Your Spells              Type           Power        Failure   Level
a - Magic Dart            Conj           ##..         4%          1

Your spell library contained the following spells:

 Spells                   Type           Power        Failure   Level
 Searing Ray              Conj           ##....       7%          2
 Dazzling Flash           Conj/Hex       #.....       26%         3
 Fulminant Prism          Conj/Hex       #.........   65%         4
 Iskenderun's Mystic Bla  Conj/Tloc      #.......     65%         4


Dungeon Overview and Level Annotations

Branches:
Dungeon (1/15)

Altars:


Innate Abilities, Weirdness & Mutations

You do not drink.
Your flesh is vulnerable to fire.
You are immune to poison.
Your flesh is cold resistant. (rC+)
You are immune to negative energy. (rN+++)
You are immune to unholy pain and torment.
You can survive without breathing.


Message History

Aiming: Magic Dart (safe; 4% risk of failure)
Press: ? - help, Shift-Dir - straight line, f/p - gnoll
Aim: a gnoll (moderately wounded)
You miscast Magic Dart.
Nothing appears to happen.
The gnoll hits you.
You take 5 damage, and have 8/13 hp.
MASSIVE DAMAGE!!
You now have 0/4 mp.
A hobgoblin comes into view. It is wielding a +0 club.
The hobgoblin shouts!
Your magical contamination has completely faded away.
A leopard gecko comes into view.
The leopard gecko bites you but does no damage.
The gnoll hits you.
You take 4 damage, and have 5/13 hp.
MASSIVE DAMAGE!!
The leopard gecko bites you.
* * * LOW HITPOINT WARNING * * *
The gnoll misses you.
You take 3 damage, and have 2/13 hp.
MASSIVE DAMAGE!!
The leopard gecko misses you. The leopard gecko barely misses you.
The leopard gecko bites you.
You die...

#.# #.# . #.# #.# #####.#
#.# ......#####$#######
#####.............##
..............>....
#####.###...$.....# # .
......# #.........# .#.##
#####.# #.......@.#).....
..#######.#######l..#
....####..g####.....#
#.....#..{..#.g...#.....
#8..{....{...g{..8#^##...
##...{..{{{..{)..## # ##
#.....{{{{{{{.....#
....{{{{...{{{{.....#
..{{{{{..<..{{{{{...#


You could see a leopard gecko.

Vanquished Creatures
  A goblin (D:1)
1 creature vanquished.

Notes
Turn   | Place    | Note
-------+----------+-------------------------------------------
     0 | D:1      | jasper the Mummy Conjurer began the quest for the Orb.
     0 | D:1      | Reached XP level 1. HP: 13/13 MP: 4/4
    46 | D:1      | Slain by a leopard gecko

Illustrated notes

Levels and vault maps discovered:
D:1:      eino_arrival_water_star, layout_basic, serial_curves, eino_curves_03,
          eino_curves_01

Action                   || total
-------------------------++-------
 Cast: Magic Dart        ||     3
Armor: Robe              ||     1
Dodge: Dodged            ||     3

Table legend: (Time is in decaauts)
 A = Elapsed time spent in this place.
 B = Non-inter-level travel time spent in this place.
 C = Inter-level travel time spent in this place.
 D = Time resting spent in this place.
 E = Time spent auto-exploring this place.
 F = Levels seen in this place.
 G = Mean time per level.
                   A        B        C        D        E       F      G
               +--------+--------+--------+--------+--------+-----+--------+
         Total |     46 |     46 |      0 |      0 |      3 |   1 |   46.0 |
       Dungeon |     46 |     46 |      0 |      0 |      3 |   1 |   46.0 |
               +--------+--------+--------+--------+--------+-----+--------+

Top non-repeatable levels by time:
     D:1: 46 daAuts
